[Event "Titled Tuesday Blitz December 14 2021"]
[White "De Souza, Cristiano Gomes"]
[Black "Przybylski, Wojciech"]
[WhiteFideId "2151758"]
[BlackFideId "1117599"]
[WhiteElo "2068"]
[BlackElo "2247"]
[Result "0-1"]
[Round "05"]
[TimeControl "180+1"]
[Date "2021.12.15"]
[WhiteClock "0:00:03"]
[BlackClock "0:00:03"]

1. d4 d5 2. c4 c6 3. Nf3 Nf6 4. Nc3 e6 5. Bg5 h6 6. Bh4 dxc4 7. e4 g5 8. Bg3 b5 9. a4 b4 10. e5 bxc3 11. exf6 cxb2 12. Rb1 Bb4+ 13. Ke2 c3 14. Ke3 Qd5 15. Ne5 c5 16. Bb5+ Nd7 17. Bc6 cxd4+ 18. Qxd4 Qxc6 19. Nxc6 Bc5 20. Kd3 Bxd4 21. Nxd4 Nxf6 22. Kxc3 O-O 23. Rxb2 Ba6 24. Rhb1 Rfd8 25. Rb8 Ne4+ 26. Kc2 Nxg3 27. Rxa8 Rxa8 28. hxg3 Rc8+ 29. Kd2 Rc4 30. Nf3 Rxa4 31. Rb8+ Kg7 32. Ra8 Bb7 33. Rb8 Bxf3 34. gxf3 Ra3 35. Ke2 Kg6 36. g4 Kg7 37. Rb7 e5 38. Re7 Kf6 39. Re8 Rb3 40. Rh8 Kg7 41. Re8 Rb5 42. Re7 a5 43. Ra7 Kf6 44. Ra6+ Kg7 45. Ra7 Kg6 46. Ke3 Rc5 47. Ke4 f6 48. Ra8 Rb5 49. Rg8+ Kf7 50. Rh8 Rb4+ 51. Ke3 Kg7 52. Ra8 a4 53. Ra7+ Kg6 54. Ra6 Rd4 55. Ra8 Rf4 56. Ra5 h5 57. gxh5+ Kxh5 58. Ra8 Kg6 59. Ke2 Kf5 60. Ra7 Rh4 61. Ra6 Rb4 62. Ra5 Rc4 63. Ra8 g4 64. Ra5 gxf3+ 65. Kxf3 Rc3+ 66. Kg2 a3 67. Ra8 Kf4 68. Rf8 f5 69. Rd8 e4 70. Re8 Rc2 71. Kf1 a2 72. Ra8 Rb2 73. Kg2 Rd2 74. Ra3 Kg4 75. Kh2 f4 76. Kg1 Rc2 77. Ra8 Rc1+ 78. Kh2 a1=Q 79. Rg8+ Kf3 0-1


[Site "https://www.chess.com"]

[Event "Titled Tuesday Blitz December 14 2021"]
[White "Demidov, Mikhail"]
[Black "Ghimpu, Samuel-Timotei"]
[WhiteFideId "4197143"]
[BlackFideId "1238175"]
[WhiteElo "2592"]
[BlackElo "2012"]
[Result "0-1"]
[Round "05"]
[TimeControl "180+1"]
[Date "2021.12.14"]
[WhiteClock "0:00:05"]
[BlackClock "0:00:03"]

1. Nf3 Nf6 2. g3 g6 3. b3 Bg7 4. Bb2 O-O 5. Bg2 c5 6. c4 Nc6 7. O-O b6 8. d4 cxd4 9. Nxd4 Bb7 10. Nc3 Qc8 11. Nc2 d6 12. Ne3 Ne5 13. Rc1 Bxg2 14. Kxg2 h5 15. Ned5 Re8 16. Nxf6+ Bxf6 17. Nd5 Bg7 18. h3 Qb7 19. f3 e6 20. Nc3 Rad8 21. Qd2 a6 22. Rfd1 Kh7 23. Ne4 d5 24. cxd5 exd5 25. Ng5+ Kg8 26. h4 d4 27. Nh3 Ng4 28. Re1 Ne3+ 29. Kh2 Nf5 30. Ng5 Qb8 31. f4 Re3 32. Rg1 d3 33. exd3 Rexd3 34. Qb4 Rd2+ 35. Rg2 Rxg2+ 36. Kxg2 Bxb2 37. Re1 Qb7+ 38. Kh2 Bf6 39. Ne4 Qc6 40. Re2 Kg7 41. a4 Rd4 42. Qe1 Rd3 43. Rg2 Nd4 44. Nxf6 Nf3+ 45. Kh3 Nxe1 46. Nxh5+ gxh5 47. f5 Qxg2# 0-1


[Site "https://www.chess.com"]

[Event "Titled Tuesday Blitz December 14 2021"]
[White "Djordjevic, Vuk"]
[Black "Makhnev, Denis"]
[WhiteFideId "902098"]
[BlackFideId "13707647"]
[WhiteElo "2463"]
[BlackElo "2491"]
[Result "1-0"]
[Round "05"]
[TimeControl "180+1"]
[Date "2021.12.15"]
[WhiteClock "0:00:03"]
[BlackClock "0:00:03"]

1. d4 d5 2. Bf4 Nf6 3. e3 c5 4. c3 Nc6 5. Nd2 cxd4 6. exd4 Bf5 7. Ngf3 e6 8. Qa4 Bd6 9. Bg5 O-O 10. Be2 a6 11. Nh4 b5 12. Qd1 Bg6 13. Nxg6 hxg6 14. a3 Qc7 15. h4 Rfe8 16. h5 e5 17. hxg6 exd4 18. Bxf6 d3 19. Nf3 Rxe2+ 20. Kf1 Re6 21. gxf7+ Qxf7 22. Bxg7 Qxg7 23. Qxd3 d4 24. Qf5 Rae8 25. Rh5 Rf6 26. Qd5+ Qf7 27. Rg5+ Kf8 28. Qxc6 Bf4 29. Qc5+ Qe7 30. Qxe7+ Rxe7 31. Rd5 dxc3 32. bxc3 Rc7 33. Rd3 Rfc6 34. g3 Bh6 35. Rad1 Rxc3 36. Ne5 1-0


[Site "https://www.chess.com"]

[Event "Titled Tuesday Blitz December 14 2021"]
[White "Durarbayli, Vasif"]
[Black "Nikologorskiy, Konstantin"]
[WhiteFideId "13402935"]
[BlackFideId "24111708"]
[WhiteElo "2599"]
[BlackElo "2346"]
[Result "1-0"]
[Round "05"]
[TimeControl "180+1"]
[Date "2021.12.14"]
[WhiteClock "0:00:05"]
[BlackClock "0:00:07"]

1. e4 c5 2. b3 Nc6 3. Bb2 d6 4. Bb5 Nf6 5. e5 dxe5 6. Bxc6+ bxc6 7. Bxe5 Ba6 8. d3 Nd5 9. Ne2 f6 10. Bb2 e5 11. O-O Bd6 12. c4 Nc7 13. f4 exf4 14. Nxf4 O-O 15. Nc3 Be5 16. Kh1 Bc8 17. Na4 Qd6 18. Qf3 Bf5 19. Rad1 Bxb2 20. Nxb2 Ne6 21. Nxe6 Bxe6 22. Na4 Rad8 23. Qf2 Bg4 24. Rd2 Rfe8 25. Nxc5 Qe5 26. h3 Bc8 27. d4 Qh5 28. Kh2 Re7 29. Re1 Rde8 30. Rxe7 Rxe7 31. Qf3 Qe8 32. Rf2 Qd8 33. Qf4 Re1 34. Rd2 Kf7 35. d5 cxd5 36. cxd5 Qb6 37. b4 a5 38. a3 axb4 39. axb4 Rb1 40. Rd4 Qb5 41. d6 Bd7 42. Qe4 Qf1 43. Nxd7 Qg1+ 44. Kg3 Rb3+ 45. Rd3 Rb2 46. Nc5 Qf2+ 47. Kh2 Rb1 48. Qe7+ Kg6 49. Qe4+ Kf7 50. Qd5+ Kg6 51. Qd4 Qf1 52. Rg3+ Kf7 53. Qd5+ Kf8 54. Qa8+ Kf7 55. Qb7+ Ke8 56. Qe7# 1-0


[Site "https://www.chess.com"]

[Event "Titled Tuesday Blitz December 14 2021"]
[White "Dylag, Emilia"]
[Black "Kislov, Oleg"]
[WhiteFideId "21805172"]
[BlackFideId "13503774"]
[WhiteElo "1863"]
[BlackElo "2252"]
[Result "0-1"]
[Round "05"]
[TimeControl "180+1"]
[Date "2021.12.15"]
[WhiteClock "0:00:02"]
[BlackClock "0:00:06"]

1. d4 Nf6 2. c4 e6 3. Nf3 d5 4. g3 Be7 5. Bg2 O-O 6. O-O dxc4 7. Qc2 Bd7 8. Qxc4 Bc6 9. Bf4 Nbd7 10. Nc3 Nb6 11. Qb3 Nbd5 12. Be5 Nxc3 13. bxc3 Be4 14. Nh4 Bxg2 15. Nxg2 Qd5 16. Bxf6 Qxb3 17. axb3 Bxf6 18. b4 a6 19. Nf4 c6 20. Nd3 Rfe8 21. f4 Be7 22. Kg2 Bd6 23. e4 Rec8 24. Ra2 f6 25. e5 Be7 26. Rd1 Kf7 27. Kf3 Rd8 28. Nb2 Rd5 29. Nc4 Rb5 30. Ra5 Rd8 31. Ke4 Rdd5 32. Ra2 Rd8 33. Ra5 Rdd5 34. Rda1 h6 35. R5a2 Rd8 36. Ra5 Rdd5 37. R5a2 Rd8 38. Ra5 Rbd5 39. Nb6 Bxb4 40. cxb4 Rxd4+ 41. Kf3 Rxb4 42. Na4 Rd2 43. Ra3 Rxh2 44. Nc5 b6 45. Rxa6 bxc5 46. Rxc6 Rc2 47. exf6 gxf6 48. Ra7+ Kg6 49. Rxe6 Kf5 50. Re3 h5 51. Ra5 Rbc4 52. Raa3 Rh2 53. Rad3 Rcc2 54. Rd5+ Kg6 55. f5+ Kg5 56. Ke4 Rhf2 57. Rd7 Rc4+ 58. Kd5 Rd4+ 59. Kxc5 Rxd7 60. Kc6 Rdd2 61. Re8 Kxf5 62. Rh8 Kg4 63. Rg8+ Kf3 64. Rf8 Kxg3 65. Kc5 Rf5+ 66. Kc4 h4 67. Kc3 Rdf2 68. Rg8+ Rg5 69. Rh8 h3 70. Kd3 h2 71. Ke3 Kg2 72. Rh7 Re5+ 73. Kd4 h1=Q 74. Rg7+ Kf1 75. Rg1+ Qxg1 0-1


[Site "https://www.chess.com"]

[Event "Titled Tuesday Blitz December 14 2021"]
[White "Fawzy, Adham"]
[Black "Ibrahimli, Murad"]
[WhiteFideId "10613129"]
[BlackFideId "13410229"]
[WhiteElo "2508"]
[BlackElo "2109"]
[Result "0-1"]
[Round "05"]
[TimeControl "180+1"]
[Date "2021.12.14"]
[WhiteClock "0:00:02"]
[BlackClock "0:00:01"]

1. e4 c5 2. c4 Nc6 3. Nc3 g6 4. d3 Bg7 5. g3 d6 6. Bg2 h5 7. h3 Nf6 8. Nge2 e5 9. Be3 Be6 10. O-O Qd7 11. Kh2 Nd4 12. Nd5 Bxd5 13. cxd5 Nxe2 14. Qxe2 Bh6 15. f4 h4 16. fxe5 hxg3+ 17. Kg1 Bxe3+ 18. Qxe3 Nh5 19. exd6 Qxd6 20. e5 Qb6 21. d6 O-O 22. Bd5 Kg7 23. Rac1 Rac8 24. b3 Qd8 25. Rf3 b6 26. Rcf1 f5 27. exf6+ Rxf6 28. Rxf6 Nxf6 29. Qe5 Qf8 30. Be6 Rd8 31. Kg2 Rxd6 32. Rf3 Rd8 33. Rxg3 Re8 34. Qf5 Nh7 35. Qxg6+ Kh8 36. Bf7 Re2+ 37. Kh1 Re1+ 38. Kh2 Re2+ 39. Rg2 Rxg2+ 40. Kxg2 Qg7 41. Kg3 Nf6 42. Kf4 Nd5+ 0-1


[Site "https://www.chess.com"]

[Event "Titled Tuesday Blitz December 14 2021"]
[White "Gaehwiler, Gabriel"]
[Black "Le, Tuan Minh"]
[WhiteFideId "1314530"]
[BlackFideId "12401153"]
[WhiteElo "2383"]
[BlackElo "2450"]
[Result "0-1"]
[Round "05"]
[TimeControl "180+1"]
[Date "2021.12.14"]
[WhiteClock "0:00:09"]
[BlackClock "0:00:12"]

1. d4 d5 2. c4 c6 3. Nf3 Nf6 4. Nc3 a6 5. g3 Bf5 6. cxd5 cxd5 7. Qb3 b5 8. Bg2 e6 9. O-O Nc6 10. Bg5 Be7 11. Rfc1 Rc8 12. Nxb5 axb5 13. Qxb5 O-O 14. Rxc6 Rb8 15. Qa6 Rxb2 16. Ne5 h6 17. Bc1 Rb4 18. Ba3 Rxd4 19. e3 Rd2 20. Bxe7 Qxe7 21. Qa5 Rb2 22. Qc3 Qb7 23. Rc7 Qb8 24. h3 Be4 25. Bf1 Rc2 26. Qxc2 Bxc2 27. Rxc2 Qxe5 28. Rb1 Ra8 29. Rbb2 Ne4 30. Bd3 Ng5 31. Kg2 g6 32. Re2 Qf6 33. Rbc2 Qf3+ 34. Kh2 Rb8 35. h4 Ne4 36. Bxe4 dxe4 37. Rb2 Ra8 38. Rec2 g5 39. hxg5 hxg5 40. Rb5 Qh5+ 41. Kg2 Kg7 42. Rcc5 Qf3+ 43. Kg1 f6 44. Rc7+ Kg6 45. Rbb7 Rxa2 46. Rg7+ Kf5 0-1


[Site "https://www.chess.com"]

[Event "Titled Tuesday Blitz December 14 2021"]
[White "Gelman, Alexander"]
[Black "Najdin, Danil"]
[WhiteFideId "4118316"]
[BlackFideId "4172426"]
[WhiteElo "2375"]
[BlackElo "2240"]
[Result "1-0"]
[Round "05"]
[TimeControl "180+1"]
[Date "2021.12.15"]
[WhiteClock "0:00:07"]
[BlackClock "0:00:05"]

1. d4 Nf6 2. Nc3 d5 3. Bf4 Bf5 4. f3 c6 5. g4 Bg6 6. h4 h6 7. e3 e6 8. Qd2 Bd6 9. Nge2 Qe7 10. O-O-O Nbd7 11. Bxd6 Qxd6 12. Nf4 O-O-O 13. Nxg6 fxg6 14. Bd3 g5 15. e4 dxe4 16. Bxe4 Qf4 17. hxg5 hxg5 18. Qxf4 gxf4 19. g5 Nxe4 20. Nxe4 Nb6 21. c3 Nd5 22. Nc5 Ne3 23. Rdg1 e5 24. Rxh8 Rxh8 25. dxe5 Re8 26. Nd3 Kd7 27. Kd2 Nc4+ 28. Kc2 Nxe5 29. Nxf4 Nxf3 30. Rd1+ Kc7 31. g6 Re4 32. Nh5 Rg4 33. Rf1 Rg2+ 34. Kc1 Ne5 35. Nf4 Rg4 36. Ne6+ Kb6 37. Rf7 Rxg6 38. Nd8 Rg2 39. Rxb7+ Kc5 40. Ne6+ Kd6 41. Nd4 Nd3+ 42. Kb1 c5 43. Nf5+ Ke5 44. Ne3 Re2 45. Nc4+ Kf4 46. Rxa7 g5 47. Rf7+ Kg3 48. a4 g4 49. a5 Kh2 50. a6 g3 51. Rh7+ Kg1 52. a7 Re8 53. Re7 Ra8 54. Nb6 Rxa7 55. Rxa7 g2 56. Rg7 Kf2 57. Kc2 Ne1+ 58. Kb3 Nf3 59. Rxg2+ Kxg2 60. Kc4 Ne5+ 61. Kxc5 Nd3+ 62. Kd4 Nxb2 63. Ke3 Kg3 64. Kd2 1-0


[Site "https://www.chess.com"]

[Event "Titled Tuesday Blitz December 14 2021"]
[White "Golizadeh, Asghar"]
[Black "Leitao, Rafael"]
[WhiteFideId "12505269"]
[BlackFideId "2101246"]
[WhiteElo "2403"]
[BlackElo "2609"]
[Result "0-1"]
[Round "05"]
[TimeControl "180+1"]
[Date "2021.12.15"]
[WhiteClock "0:00:01"]
[BlackClock "0:00:32"]

1. e4 e5 2. Nf3 Nc6 3. d4 exd4 4. Bc4 Nf6 5. e5 Ne4 6. Qe2 Nc5 7. c3 d3 8. Qe3 Be7 9. O-O O-O 10. b4 Ne6 11. Bxd3 d6 12. Rd1 Qe8 13. Qe4 g6 14. Bh6 Ng7 15. Nbd2 Bf5 16. Qe3 Bxd3 17. exd6 Bxd6 18. Qxd3 Ne5 19. Qd5 Qc6 20. Qxc6 bxc6 21. Ne4 Nxf3+ 22. gxf3 Be5 23. f4 f5 24. fxe5 fxe4 25. Bxg7 Kxg7 26. Rd7+ Rf7 27. Rad1 Re8 28. Rxf7+ Kxf7 29. Rd7+ Re7 30. Rd8 Re8 31. Rd7+ Re7 32. Rd8 Ke6 33. Ra8 Kxe5 34. Rxa7 Kd5 35. Ra5+ Kc4 36. Rc5+ Kd3 37. Rxc6 Ke2 38. Kg2 Rf7 39. Kg3 Rxf2 40. Rxc7 Rf3+ 41. Kg4 Kf2 42. b5 e3 43. b6 e2 44. Re7 Rf6 45. b7 Rb6 46. Rf7+ Kg1 47. Re7 Kf1 48. Rf7+ Ke1 49. c4 Kd1 50. Rd7+ Kc2 51. Re7 Kd2 52. c5 Rxb7 53. Rxb7 e1=Q 54. Rd7+ Kc3 55. Rf7 Qe6+ 56. Rf5 Qxf5+ 57. Kg3 Qxc5 0-1


[Site "https://www.chess.com"]

[Event "Titled Tuesday Blitz December 14 2021"]
[White "Grigoriants, Sergey"]
[Black "Mischuk, Dmitry"]
[WhiteFideId "4130804"]
[BlackFideId "14118734"]
[WhiteElo "2502"]
[BlackElo "2344"]
[Result "1-0"]
[Round "05"]
[TimeControl "180+1"]
[Date "2021.12.14"]
[WhiteClock "0:00:54"]
[BlackClock "0:00:52"]

1. e4 c5 2. Nf3 d6 3. d4 cxd4 4. Nxd4 Nf6 5. Nc3 g6 6. Be3 Bg7 7. f3 O-O 8. Qd2 Nc6 9. O-O-O d5 10. Nxc6 bxc6 11. Bh6 Bxh6 12. Qxh6 e5 13. h4 d4 14. h5 Qe7 15. hxg6 fxg6 16. Bc4+ Be6 17. Bxe6+ Qxe6 18. Na4 Qxa2 19. b3 Rab8 20. Qg5 Qa3+ 21. Kd2 Qd6 22. Nb2 Qb4+ 23. Kc1 Qc5 24. Nd3 Qa3+ 25. Kd2 Qa5+ 26. Ke2 Rbe8 27. Ra1 Qc3 28. Qd2 Qxd2+ 29. Kxd2 Re7 30. Ra5 Rfe8 31. Rha1 Kg7 32. Rxa7 Kh6 33. Rxe7 Rxe7 34. Ra5 Nd7 35. Ra7 Rg7 36. Rc7 c5 37. c4 g5 38. g4 Kg6 39. Rxd7 1-0


[Site "https://www.chess.com"]

[Event "Titled Tuesday Blitz December 14 2021"]
[White "Grigorjev, Iljya"]
[Black "Stoleriu, George"]
[WhiteFideId "24159565"]
[BlackFideId "1227505"]
[WhiteElo "2124"]
[BlackElo "2199"]
[Result "1/2-1/2"]
[Round "05"]
[TimeControl "180+1"]
[Date "2021.12.15"]
[WhiteClock "0:00:03"]
[BlackClock "0:00:07"]

1. Nf3 Nf6 2. g3 b5 3. Bg2 Bb7 4. O-O e6 5. d4 c5 6. c3 Be7 7. Bf4 O-O 8. dxc5 Bxc5 9. Bd6 Bxd6 10. Qxd6 Ne4 11. Qe5 Qb6 12. Nd4 Nc5 13. Bxb7 d6 14. Qe3 Nxb7 15. Na3 a6 16. Nac2 d5 17. a4 Nd7 18. axb5 axb5 19. Nb4 Na5 20. Qd3 Nc4 21. b3 Nc5 22. Qc2 Nd6 23. Ra2 Rxa2 24. Qxa2 Nce4 25. Qb2 Rc8 26. Rc1 e5 27. Nxd5 Qb7 28. f3 Qxd5 29. fxe4 Qc5 30. e3 exd4 31. exd4 Qg5 32. Re1 Re8 33. e5 Nf5 34. Qf2 g6 35. c4 bxc4 36. bxc4 Rc8 37. c5 Qd8 38. Re4 Qd5 39. Rf4 Rd8 40. c6 Qxc6 41. g4 Nh4 42. Qxh4 Qc1+ 43. Rf1 Qe3+ 44. Qf2 Qxf2+ 45. Kxf2 Rxd4 46. Kf3 Kf8 47. Ra1 Ke7 48. Ra6 Rb4 49. h3 g5 50. Rh6 Rf4+ 51. Ke3 Rf1 52. Rxh7 Ke6 53. Kd4 Rd1+ 54. Ke4 Re1+ 55. Kd4 Rd1+ 56. Ke3 Rd5 57. Rh6+ Kxe5 58. Ra6 Rb5 59. Kf3 Rb3+ 60. Kg2 Kf4 61. Rf6+ Ke3 62. Rxf7 Rb2+ 63. Kg3 Ke4 64. Rf5 Rb3+ 65. Kg2 Rb2+ 66. Kg3 Rb3+ 67. Kf2 Rxh3 68. Rxg5 Kf4 69. Rg8 Rh2+ 70. Kg1 Rh4 71. Kf2 Rxg4 72. Rxg4+ Kxg4 1/2-1/2


[Site "https://www.chess.com"]

[Event "Titled Tuesday Blitz December 14 2021"]
[White "Gurevich, Dmitry"]
[Black "Dobrov, Vladimir"]
[WhiteFideId "2000407"]
[BlackFideId "4136594"]
[WhiteElo "2506"]
[BlackElo "2614"]
[Result "0-1"]
[Round "05"]
[TimeControl "180+1"]
[Date "2021.12.15"]
[WhiteClock "0:00:02"]
[BlackClock "0:00:06"]

1. d4 Nf6 2. c4 e6 3. Nf3 d5 4. Nc3 c6 5. e3 Nbd7 6. Bd2 Bd6 7. Bd3 O-O 8. O-O dxc4 9. Bxc4 b5 10. Bb3 Bb7 11. e4 e5 12. dxe5 Nxe5 13. Nxe5 Bxe5 14. Qe2 Re8 15. f3 Qb8 16. g3 a6 17. Be3 a5 18. Rfc1 a4 19. Bc2 a3 20. Bd3 Bxg3 21. hxg3 Qxg3+ 22. Kf1 Nh5 23. b4 Qh4 24. Qf2 Qf6 25. f4 Rad8 26. e5 Qe7 27. Be2 Nf6 28. Bc5 Qe6 29. exf6 Qxf6 30. Rc2 Bc8 31. Qg3 Bf5 32. Rcc1 Rd2 33. Be3 Rb2 34. Nd1 h5 35. Qg5 Qxg5 36. fxg5 h4 37. Bd4 Rxb4 38. Bc3 Rf4+ 39. Ke1 Bg4 40. Rc2 Rfe4 41. Rb1 Rxe2+ 42. Rxe2 Rxe2+ 43. Kf1 Rxa2 44. Bb4 Be2+ 45. Ke1 Bxd1 46. Rxd1 h3 0-1


[Site "https://www.chess.com"]

[Event "Titled Tuesday Blitz December 14 2021"]
[White "Hakemi, Arman"]
[Black "Bluebaum, Matthias"]
[WhiteFideId "22520805"]
[BlackFideId "24651516"]
[WhiteElo "2208"]
[BlackElo "2609"]
[Result "0-1"]
[Round "05"]
[TimeControl "180+1"]
[Date "2021.12.14"]
[WhiteClock "0:00:12"]
[BlackClock "0:00:21"]

1. e4 e6 2. d4 d5 3. Nc3 Nf6 4. e5 Nfd7 5. f4 c5 6. Nf3 Nc6 7. Be3 a6 8. Qd2 b5 9. Be2 Be7 10. Nd1 b4 11. c3 a5 12. O-O O-O 13. Nf2 bxc3 14. bxc3 Nb6 15. Rab1 cxd4 16. cxd4 Nc4 17. Bxc4 dxc4 18. Ne4 Nb4 19. a3 Nd3 20. Qc2 Ba6 21. Nc3 Bxa3 22. Rfd1 Bb4 23. Ne1 h6 24. Nxd3 cxd3 25. Qb3 Rc8 26. Ne4 Rc2 27. Rxd3 Bxd3 28. Qxd3 Rc7 29. h3 Qd5 30. Rf1 Qc4 31. Qd1 Rd8 32. f5 exf5 33. Rxf5 Rcd7 34. Qg4 Kf8 35. Nf6 Rxd4 36. Qh5 Rh4 37. Qf3 gxf6 38. Rxf6 Be7 39. Bxh6+ Rxh6 40. Rxh6 Qc1+ 0-1


[Site "https://www.chess.com"]

[Event "Titled Tuesday Blitz December 14 2021"]
[White "Dronavalli, Harika"]
[Black "Terry, Renato"]
[WhiteFideId "5015197"]
[BlackFideId "3803457"]
[WhiteElo "2382"]
[BlackElo "2577"]
[Result "1-0"]
[Round "05"]
[TimeControl "180+1"]
[Date "2021.12.14"]
[WhiteClock "0:00:23"]
[BlackClock "0:00:02"]

1. e4 e6 2. d4 d5 3. e5 c5 4. c3 Qb6 5. Nf3 Bd7 6. Bd3 cxd4 7. O-O Nc6 8. Re1 Nge7 9. h4 Nf5 10. Bxf5 exf5 11. cxd4 h6 12. Nc3 Be6 13. Ne2 Be7 14. Nf4 O-O-O 15. h5 Kb8 16. Be3 Rc8 17. Nd3 Na5 18. Nc5 Nc4 19. b4 Ka8 20. Rb1 Qc6 21. Nd2 Nxe3 22. Rxe3 b6 23. b5 Qc7 24. Nxe6 fxe6 25. Nf3 Qc2 26. a4 Qxd1+ 27. Rxd1 Rc4 28. Ra1 Rhc8 29. g3 Bb4 30. Kg2 Bc3 31. Ra3 Bxd4 32. Nxd4 Rxd4 33. a5 Kb7 34. Re2 Rb4 35. axb6 axb6 36. Rea2 Rc7 37. Ra7+ Kc8 38. Ra8+ Kd7 39. Rg8 Rxb5 40. Rxg7+ Kc6 41. Rg6 d4 42. Rxe6+ Kd5 43. Rxh6 d3 44. Rd6+ Kxe5 45. Rxd3 Kf6 46. Ra4 Kg5 47. Rh4 Rb2 48. h6 Rh7 49. Rd6 b5 50. Rb6 b4 51. Rbxb4 Rxb4 52. Rxb4 Rxh6 53. Rb8 Ra6 54. Kh3 Ra2 55. f4+ Kg6 56. Rb6+ Kg7 57. Kh4 Rg2 58. Ra6 Kf7 59. Kg5 Rxg3+ 60. Kxf5 Rc3 61. Ra7+ Kf8 62. Ra6 Rc7 63. Kg6 Rc8 64. f5 Kg8 65. f6 Kf8 66. Ra7 Kg8 67. Rh7 Rc6 68. Rg7+ Kf8 69. Rb7 Rc8 70. Rb1 Kg8 71. Rb2 Kf8 72. Rh2 1-0


[Site "https://www.chess.com"]

[Event "Titled Tuesday Blitz December 14 2021"]
[White "Holt, Conrad"]
[Black "Martinez Alcantara, Jose Eduardo"]
[WhiteFideId "2034387"]
[BlackFideId "3805662"]
[WhiteElo "2586"]
[BlackElo "2690"]
[Result "0-1"]
[Round "05"]
[TimeControl "180+1"]
[Date "2021.12.14"]
[WhiteClock "0:00:04"]
[BlackClock "0:01:05"]

1. d4 d5 2. c4 dxc4 3. e3 Nf6 4. Bxc4 e6 5. Nf3 a6 6. O-O c5 7. Be2 Be7 8. Nc3 O-O 9. e4 Nc6 10. dxc5 Bxc5 11. e5 Qxd1 12. Rxd1 Ng4 13. Ne4 Bb6 14. Bf4 f5 15. exf6 Nxf6 16. Nxf6+ gxf6 17. Bh6 Rd8 18. Rxd8+ Bxd8 19. Rd1 Be7 20. h3 Nd8 21. Nh4 Nf7 22. Be3 Kf8 23. Bb6 Ke8 24. Bh5 Kf8 25. g4 a5 26. Rc1 Ne5 27. Kg2 Nd3 28. Rc7 Nf4+ 29. Kf1 Nd5 30. Rxe7 Kxe7 31. Bc5+ Kd8 32. Bf7 b6 33. Bd6 Ra7 34. Bg8 Rg7 0-1


[Site "https://www.chess.com"]

[Event "Titled Tuesday Blitz December 14 2021"]
[White "Horvath, Dominik"]
[Black "Tsydypov, Zhamsaran"]
[WhiteFideId "1642561"]
[BlackFideId "4108566"]
[WhiteElo "2336"]
[BlackElo "2614"]
[Result "0-1"]
[Round "05"]
[TimeControl "180+1"]
[Date "2021.12.14"]
[WhiteClock "0:00:18"]
[BlackClock "0:01:28"]

1. e4 e5 2. Nf3 Nc6 3. d4 exd4 4. Nxd4 Bc5 5. Nb3 Bb6 6. Nc3 Nf6 7. Bg5 h6 8. Bh4 O-O 9. Be2 d6 10. O-O Re8 11. a4 a6 12. a5 Ba7 13. Kh1 Ne5 14. Nd5 g5 15. Nxf6+ Qxf6 16. Bg3 Ng6 17. Nd2 Qxb2 18. Bc4 Qf6 19. Rb1 Kg7 20. Bd5 Rb8 21. Nc4 Nf4 22. Ne3 c6 23. Ba2 Rxe4 24. Re1 Ra4 25. Bb3 Rxa5 26. Qf3 Re5 27. Nc4 Rxe1+ 28. Rxe1 Be6 29. Nxd6 Bxb3 30. Ne8+ Rxe8 31. Rxe8 Qa1+ 0-1


[Site "https://www.chess.com"]

[Event "Titled Tuesday Blitz December 14 2021"]
[White "Ibarra Jerez, Jose Carlos"]
[Black "Nakamura, Hikaru"]
[WhiteFideId "2226332"]
[BlackFideId "2016192"]
[WhiteElo "2626"]
[BlackElo "2884"]
[Result "0-1"]
[Round "05"]
[TimeControl "180+1"]
[Date "2021.12.14"]
[WhiteClock "0:00:02"]
[BlackClock "0:01:13"]

1. e4 d5 2. exd5 Qxd5 3. Nc3 Qa5 4. d4 Bf5 5. Qf3 c6 6. b4 Qxb4 7. Rb1 Qa5 8. Rxb7 Bc8 9. Rb3 e6 10. Bf4 Bb4 11. Ne2 Ne7 12. a3 Bxc3+ 13. Qxc3 Qxc3+ 14. Nxc3 Nd7 15. Ne4 O-O 16. Bd6 Re8 17. Bd3 Nf5 18. c3 e5 19. O-O exd4 20. cxd4 Nxd4 21. Rb4 Nf5 22. Rc1 Nb6 23. Bc5 Nd5 24. Rb2 Nf4 25. Bb1 Ba6 26. Re1 Bd3 27. f3 Bxb1 28. Rbxb1 h5 29. Rbd1 Nd5 30. Kf2 Reb8 31. Rb1 Rb5 32. Rxb5 cxb5 33. Rd1 Nf4 34. Rd7 a5 35. g3 Ne6 36. g4 hxg4 37. fxg4 Nh6 38. Be3 Nxg4+ 39. Ke2 Nxh2 40. Rb7 b4 41. axb4 axb4 42. Rxb4 Ng4 43. Bd2 Ne5 44. Nd6 Nc6 45. Rc4 Rd8 46. Rxc6 Nd4+ 47. Ke3 Nxc6 48. Nf5 g6 0-1


[Site "https://www.chess.com"]

[Event "Titled Tuesday Blitz December 14 2021"]
[White "Jodorcovsky Werjivker, Paulo"]
[Black "Makhnev, Denis"]
[WhiteFideId "3700305"]
[BlackFideId "13707647"]
[WhiteElo "2075"]
[BlackElo "2491"]
[Result "0-1"]
[Round "05"]
[TimeControl "180+1"]
[Date "2021.12.15"]
[WhiteClock "0:00:03"]
[BlackClock "0:00:22"]

1. e4 e5 2. Nf3 Nc6 3. Bb5 a6 4. Ba4 Nf6 5. O-O Be7 6. Re1 b5 7. Bb3 d6 8. a4 b4 9. d3 O-O 10. Nbd2 Rb8 11. Nf1 Bg4 12. Ne3 Bxf3 13. Qxf3 Nd4 14. Qh3 Nxb3 15. cxb3 g6 16. Nc4 Nd7 17. Bh6 Re8 18. Na5 Qc8 19. Nc6 Rb6 20. Nxe7+ Rxe7 21. Rac1 Rb8 22. Qf3 Re6 23. Qe3 Qd8 24. d4 f6 25. f4 a5 26. f5 Re7 27. Qg3 Kf7 28. Be3 exd4 29. Bxd4 c5 30. fxg6+ hxg6 31. Bf2 Ne5 32. Rcd1 Qc7 33. Rf1 Kg7 34. Be3 Rh8 35. Rf2 Re6 36. Bf4 Nf7 37. Qd3 Qe7 38. Re1 Re8 39. Rfe2 f5 40. Qh3 Rxe4 41. Rxe4 fxe4 42. Re3 Qe6 43. Qg3 d5 44. Re1 d4 45. h4 Rh8 46. Bg5 e3 47. Qc7 Qe5 48. Qxa5 Nxg5 49. hxg5 Qh2+ 50. Kf1 Rf8+ 51. Ke2 Qxg2+ 52. Kd3 Qd5 53. Qc7+ Rf7 54. Qg3 Qxb3+ 55. Ke4 Qe6+ 56. Kd3 c4+ 57. Kxd4 Rd7+ 58. Kc5 Qd5+ 59. Kxb4 Rb7+ 60. Ka3 Qd3+ 61. Ka2 Qb3+ 62. Ka1 Qxb2# 0-1


[Site "https://www.chess.com"]

[Event "Titled Tuesday Blitz December 14 2021"]
[White "Kamsky, Gata"]
[Black "Sipila, Vilka"]
[WhiteFideId "2000024"]
[BlackFideId "505455"]
[WhiteElo "2645"]
[BlackElo "2334"]
[Result "1/2-1/2"]
[Round "05"]
[TimeControl "180+1"]
[Date "2021.12.14"]
[WhiteClock "0:00:16"]
[BlackClock "0:00:11"]

1. e4 c6 2. d4 d5 3. exd5 cxd5 4. Bd3 Nc6 5. c3 Nf6 6. Bf4 Bg4 7. Qb3 Qd7 8. Nd2 e6 9. Ngf3 Bd6 10. Bg3 O-O 11. O-O Rab8 12. a4 Qc7 13. Rfe1 Ne7 14. Bxd6 Qxd6 15. Ne5 Bf5 16. Bf1 Ne4 17. Nxe4 Bxe4 18. Qa3 Qxa3 19. Rxa3 Rfd8 20. a5 f6 21. Ng4 Kf7 22. f3 Bg6 23. g3 Nc6 24. Bb5 Rbc8 25. Kf2 Ke7 26. h4 Rc7 27. Ne3 h5 28. Ng2 Bf7 29. Nf4 Rd6 30. Nd3 Kf8 31. Bxc6 Rdxc6 32. Rb3 e5 33. Rb4 exd4 34. Rxd4 Rc4 35. Ke3 Re7+ 36. Kd2 Rxd4 37. cxd4 Rxe1 38. Kxe1 Ke7 39. Nc5 b6 40. axb6 axb6 41. Na4 Kd6 42. Kf2 Kc6 43. Nc3 Be6 44. Ke3 Bd7 45. Kf4 Kd6 46. g4 g6 47. g5 f5 48. Ke3 Be8 49. Kd3 Bd7 50. Kc2 Be8 51. Kb3 Bd7 52. Kb4 Kc6 53. Ne2 Be8 54. Nf4 Bf7 55. Nd3 Be8 56. Ne5+ Kd6 57. Kc3 Ke6 58. Nd3 Kd6 59. Kb4 Kc6 60. Ka4 Kd6+ 61. Kb3 Kc6 62. Kb4 Kd6 63. Ne5 Kc7 64. Nd3 Kd6 65. Nf4 Kc6 66. Kc3 Kd6 67. b4 Bf7 68. Kd2 Be8 69. Ne2 Bf7 70. Nc3 Be8 71. b5 Ke6 72. Kc2 Kd6 73. Kb3 Ke6 74. Kb4 Kd6 75. Ne2 Bd7 76. Nf4 Be8 77. Nd3 Ke6 78. Nb2 Kd6 79. Na4 Kc7 80. Nc3 Kd6 81. Kb3 Bd7 82. Kc2 Be8 83. Kd3 Bd7 84. Ke3 Be8 85. Kf4 Bd7 86. Ke3 Be8 87. Kd3 Bd7 88. Kc2 Be8 1/2-1/2


[Site "https://www.chess.com"]